 Dungeon Crawl Stone Soup version 0.16.2-12-gd0ad4c3 (webtiles) character file.

240 horseradish the Covert (level 6, -5/41 HPs)
             Began as an Octopode Assassin on Sept 25, 2015.
             Slain by a phantom (10 damage)
             ... on level 4 of the Dungeon.
             The game lasted 00:12:28 (2944 turns).

horseradish the Covert (Octopode Assassin)          Turns: 2944, Time: 00:12:28

Health: -5/41      AC:  6    Str: 10    XL:     6   Next: 8%
Magic:  6/6        EV: 13    Int: 14    God:
Gold:   211        SH:  0    Dex: 15    Spells: 0 memorised, 5 levels left

rFire  + . .     SeeInvis .     d - +1 dagger (protect)
rCold  x . .     Clarity  .     (no shield)
rNeg   . . .     SustAb   .     (helmet restricted)
rPois  .         Gourm    .     (no amulet)
rElec  .         Spirit   .     i - ring of fire
rCorr  .         Warding  .     t - +1 ring of evasion
rMut   .         Stasis   .     (no ring)
MR     .....                    (no ring)
Stlth  ++++++....               (no ring)
                                (no ring)
                                (no ring)
                                (no ring)

@: not resistant to hostile enchantments, very stealthy
A: almost no armour, amphibious, 8 rings, constrict 8, camouflage 1, gelatinous
body 1
a: no special abilities


You were on level 4 of the Dungeon.
You were not hungry.

You visited 1 branch of the dungeon, and saw 4 of its levels.

You collected 211 gold pieces.

Inventory:

Hand weapons
 a - a +2 dagger
 b - a +0 blowgun
 d - a +1 dagger of protection (weapon)
Missiles
 e - 32 poisoned needles
 f - 2 curare-tipped needles
 h - a throwing net (quivered)
Armour
 l - a +0 helmet
Jewellery
 i - a ring of fire (left tentacle)
 t - a +1 ring of evasion (right tentacle)
Scrolls
 c - a scroll of remove curse
 j - a scroll of random uselessness
 m - 2 scrolls of identify
 n - a scroll of amnesia {unknown}
 p - a scroll of teleportation {unknown}
 q - a scroll of enchant armour
Potions
 o - a potion of poison
Comestibles
 g - 3 meat rations
 r - 2 fruits
 s - a bread ration


   Skills:
 + Level 2.8 Fighting
 + Level 2.4 Short Blades
 + Level 2.0 Throwing
 + Level 2.2 Dodging
 + Level 8.6 Stealth


You had 5 spell levels left.
You didn't know any spells.

Dungeon Overview and Level Annotations

Branches:
Dungeon (4/15)
 Temple: D:4-7

Altars:
Sif Muna


Innate Abilities, Weirdness & Mutations

You cannot wear most types of armour.
You are amphibious.
You can wear up to eight rings at the same time.
You can use your tentacles to constrict many enemies at once.
Your skin changes colour to match your surroundings (Stealth).
Your rubbery body absorbs attacks (AC +1).


Message History

The phantom is moderately damaged.
The phantom hits you.
* * * LOW HITPOINT WARNING * * *
The phantom blinks!
The phantom blinks!
You open the door.
The phantom hits you but does no damage.
Found a robe.
There is an open door here.
You hit the phantom but do no damage.
The phantom is moderately damaged.
The phantom completely misses you.
You hit the phantom.
The phantom is moderately damaged.
The phantom hits you.
* * * LOW HITPOINT WARNING * * *
You hit the phantom.
The phantom is moderately damaged.
The phantom hits you!
You die...

. ... .. .#.# .#
.###+#+#... ............#
.. #......[.#.# ...
#..........# .#
#..........#.#. .##
#@#...#.#. ..# ##.
..######W........
..#....#.......W.......###
..#....#....W............#
..#....#$................#
.##....#.................+
.........................#
.........................#
.................##..#####


You could see 2 phantoms.

Vanquished Creatures
  A hound (D:4)
  An orc wizard (D:3)
  3 gnolls (D:2)
  6 adders
  3 worms
  3 giant geckos
  An ooze (D:3)
  An orc (D:3)
  11 bats
  A bat skeleton (D:4)
  5 giant cockroaches
  9 hobgoblins
  7 jackals
  2 quokkas (D:3)
  3 giant newts
  10 goblins
  4 kobolds
  9 rats
80 creatures vanquished.

Notes
Turn   | Place    | Note
--------------------------------------------------------------
     0 | D:1      | horseradish, the Octopode Assassin, began the quest for the Orb.
     0 | D:1      | Reached XP level 1. HP: 14/14 MP: 1/1
    96 | D:1      | Reached skill level 6 in Stealth
    96 | D:1      | Reached XP level 2. HP: 17/19 MP: 2/2
   770 | D:2      | Reached XP level 3. HP: 15/24 MP: 3/3
  1007 | D:2      | Reached skill level 7 in Stealth
  1015 | D:2      | Reached XP level 4. HP: 25/29 MP: 4/4
  1734 | D:2      | Reached XP level 5. HP: 32/35 MP: 5/5
  2050 | D:3      | Reached skill level 8 in Stealth
  2617 | D:3      | Found a deep blue altar of Sif Muna.
  2788 | D:4      | Reached XP level 6. HP: 23/41 MP: 6/6
  2795 | D:4      | Noticed a phantom
  2884 | D:4      | Noticed a phantom
  2944 | D:4      | Slain by a phantom

Action                   |  1- 3 |  4- 6 || total
-------------------------+-------+-------++-------
Melee: Dagger            |    64 |   174 ||   238
  Use: Scroll            |     3 |     1 ||     4
       Potion            |     1 |     2 ||     3
 Stab: Sleeping          |     7 |    13 ||    20
       Distracted        |     1 |       ||     1
  Eat: Pizza             |       |     1 ||     1
       Beef jerky        |       |     1 ||     1
       Bread ration      |       |     1 ||     1
